AoeStats
← Red Calypso

Arena

510392473Analyzed
4v4 RM · 1d ago on Sep 30, 2026· 38m 13s· 8 players
Game mode
Random Map
Map size
Large (8 player)
Population
200
Speed
Normal
Resources
Standard
Victory
Conquest
Starting age
Dark Age
Ending age
Imperial Age
RankedLock teamsTeams togetherTeam positionsShared explorationLock speedFull tech treeHidden civsTurbo modeCheats
Victory
Defeat
🇦🇹 Britons · Austria
1415
+16
🇨🇳 Danes · China
1407
+16
🇨🇦 Varangians · Canada
1378
+18
🇲🇽 Teutons · Mexico
1352
+19
🇦🇷 Bohemians · Argentina
1540
-21
🇦🇷 Slavs · Argentina
1449
-19
🇦🇷 Saracens · Argentina
1399
-17
🇦🇷 Britons · Argentina
1274
-12
GOAT Gobz
10:29 Feudal Age
14:08 Castle Age
12:25 Double-Bit Axe
12:27 Horse Collar
15:39 Bow Saw
16:41 Heavy Plow
17:27 Wheelbarrow
18:58 Loom
24:23 Hand Cart
29:12 Imperial Age
27:39 Scale Barding Armor
27:45 Forging
27:47 Gold Mining
27:48 Stone Mining
27:41 Treadmill Crane
28:22 Ballistics
28:56 Chain Barding Armor
29:59 Iron Casting
29:36 Bloodlines
29:27 Husbandry
30:30 Stone Shaft Mining
29:21 Cavalier
31:17 Two-Man Saw
31:09 Guilds
30:31 Vendel Legacy
32:03 Plate Barding Armor
33:32 Blast Furnace
33:01 Fletching
33:12 Scale Mail Armor
33:31 Gambesons
33:46 Squires
33:32 Arson
35:22 Chain Mail Armor
34:51 Light Cavalry
35:19 Light Cavalry
37:00 Crop Rotation
36:25 Light Cavalry
37:12 Elite Varangian Guard
38:25 Plate Mail Armor
37:38 Hussar
38:51 Masonry
39:42 Chemistry
38:42 Bodkin Arrow
Red Calypso
10:57 Feudal Age
11:40 Double-Bit Axe
12:12 Loom
15:13 Castle Age
16:31 Bow Saw
17:40 Wheelbarrow
17:57 Horse Collar
27:51 Hand Cart
27:44 Heavy Plow
27:46 Stone Mining
27:46 Gold Mining
31:16 Imperial Age
28:32 Town Watch
29:55 Fletching
29:56 Pikeman
30:37 Squires
31:00 Ballistics
31:45 Yeomen
31:24 Bodkin Arrow
31:29 Padded Archer Armor
32:05 Bracer
33:11 Chemistry
31:39 Crossbowman
32:42 Conscription
32:35 Fortified Wall
32:20 Arbalester
33:28 Leather Archer Armor
33:13 Scale Mail Armor
33:24 Forging
35:09 Two-Man Saw
36:06 Chain Mail Armor
36:27 Iron Casting
36:09 Siege Engineers
36:00 Halberdier
37:33 Plate Mail Armor
Habacucc
2:42 Loom
9:53 Feudal Age
11:05 Fletching
17:54 Stone Mining
26:02 Wheelbarrow
25:28 Double-Bit Axe
28:56 Gold Mining
32:26 Castle Age
30:12 Horse Collar
33:01 Bodkin Arrow
33:18 Bow Saw
33:09 Heavy Plow
33:45 Guard Tower
'Rhythm_' = idiot
9:54 Feudal Age
11:16 Double-Bit Axe
13:40 Castle Age
12:03 Horse Collar
14:47 Wheelbarrow
21:46 Loom
22:31 Hand Cart
22:52 Bow Saw
23:18 Gold Mining
24:20 Heavy Plow
27:52 Imperial Age
26:07 Stone Mining
26:54 Gold Shaft Mining
26:21 Scale Mail Armor
26:31 Forging
28:07 Chain Mail Armor
28:27 Iron Casting
28:40 Siege Engineers
28:00 Pikeman
28:42 Squires
29:44 Plate Mail Armor
29:38 Conscription
28:38 Northmen's Fury
29:16 Guard Tower
28:57 Halberdier
29:37 Town Watch
29:38 Hamask
31:49 Blast Furnace
32:57 Onager
33:44 Fletching
34:16 Ballistics
34:07 Masonry
TBArg - El bicho -
10:42 Feudal Age
12:25 Double-Bit Axe
15:31 Castle Age
17:05 Bow Saw
16:36 Horse Collar
20:49 Wheelbarrow
28:34 Imperial Age
26:30 Town Watch
27:00 Hand Cart
26:32 Loom
27:05 Hand Cart
27:13 Stone Mining
27:15 Gold Mining
27:35 Town Patrol
28:03 Scale Mail Armor
28:15 Forging
27:34 Pikeman
28:15 Squires
29:08 Chain Mail Armor
29:41 Gold Shaft Mining
30:46 Two-Man Saw
29:17 Onager
32:06 Halberdier
34:07 Chemistry
33:18 Masonry
33:04 Murder Holes
33:30 Ballistics
33:48 Iron Casting
35:02 Siege Onager
36:22 Plate Mail Armor
35:48 Fletching
36:59 Blast Furnace
[TBArg] Pichaco ツ
10:08 Feudal Age
14:23 Castle Age
12:58 Double-Bit Axe
12:54 Horse Collar
15:22 Bow Saw
20:25 Fervor
26:32 Imperial Age
25:36 Chemistry
25:51 Wheelbarrow
25:33 Heavy Plow
25:37 Scale Mail Armor
25:42 Loom
26:52 Chain Mail Armor
28:17 Conscription
27:21 Pikeman
28:01 Squires
28:35 Plate Mail Armor
28:16 Forging
28:35 Halberdier
30:28 Hand Cart
30:20 Town Watch
31:08 Wagenburg Tactics
32:47 Iron Casting
32:03 Fletching
34:44 Two-Man Saw
35:02 Blast Furnace
34:02 Padded Archer Armor
34:13 Houfnice
35:47 Masonry
36:07 Ballistics
36:53 Bodkin Arrow
Asggard9
11:47 Feudal Age
16:15 Castle Age
24:56 Wheelbarrow
24:23 Double-Bit Axe
25:11 Town Watch
25:38 Bow Saw
25:10 Horse Collar
25:49 Loom
26:13 Heavy Plow
26:05 Gold Mining
26:13 Stone Mining
27:57 Gold Shaft Mining
28:01 Hand Cart
27:44 Fletching
28:46 Town Patrol
30:36 Bodkin Arrow
33:14 Imperial Age
31:32 Padded Archer Armor
31:57 Ballistics
31:48 Masonry
31:36 Murder Holes
31:54 Fortified Wall
32:49 Leather Archer Armor
33:54 Yeomen
33:25 Elite Longbowman
34:26 Conscription
34:42 Hoardings
34:35 Bracer
36:43 Hoardings
36:11 Warwolf
36:51 Hoardings
[TBArg] Search088
0:28 Loom
13:23 Feudal Age
28:01 Horse Collar
35:18 Gold Mining
37:19 Double-Bit Axe
Connection lost

Rejoining the realm…

Still unreachable

The connection could not be restored.

Session expired

The server has moved on; the page needs a fresh start.